 Dungeon Crawl Stone Soup version 0.31-a0-925-g0a390f2509 (webtiles) character file.

Game seed: 2326174696774199297

1658 Persephone the Skirmisher (level 8, -2/65 HPs)
             Began as a Minotaur Hunter on Oct 9, 2023.
             Was a Follower of Hepliaklqana.
             Slain by Maggie
             ... wielding a +0 long sword of flaming
              (5 damage)
             ... on level 7 of the Dungeon on Oct 18, 2023.
             The game lasted 00:12:24 (4617 turns).

Persephone the Skirmisher (Minotaur Hunter)         Turns: 4617, Time: 00:12:24

Health: -2/65      AC:  5    Str: 17    XL:     8   Next: 68%
Magic:  7/7        EV: 12    Int:  6    God:    Hepliaklqana [*.....]
Gold:   240        SH:  5    Dex: 15    Spells: 7/7 levels left

rFire   . . .        p - +0 arbalest
rCold   + . .        (shield currently unavailable)
rNeg    + . .        c - +1 leather armour
rPois   +            (helmet restricted)
rElec   .            e - +0 cloak
rCorr   .            (no gloves)
SInv    .            (no boots)
Will    +....        u - amulet "Gucy" {Reflect rPois rC+ rN+ Will+ SH+5}
Stlth   ++           (no ring)
HPRegen 0.30/turn    (no ring)
MPRegen 0.10/turn

%: reflection
@: mesmerised, studying Staves
A: reduced essence, horns 2, retaliatory headbutt
a: Renounce Religion, Recall Ancestor, Ancestor Identity


You were on level 7 of the Dungeon.
You worshipped Hepliaklqana.
Hepliaklqana was aware of your devotion.
You visited 1 branch of the dungeon, and saw 7 of its levels.

You collected 240 gold pieces.

Inventory:

Hand Weapons
 a - a +1 shortbow
 p - a +0 arbalest (weapon)
Armour
 c - a +1 leather armour (worn)
 e - a +0 cloak (worn)
Jewellery
 h - an amulet of faith
 o - a ring of wizardry
 u - the amulet "Gucy" (around neck) {Reflect rPois rC+ rN+ Will+ SH+5}
   (You acquired it on level 6 of the Dungeon)

   [amulet of reflection]

   Reflect:   It reflects blocked missile attacks.
   rC+:       It protects you from cold.
   rPois:     It protects you from poison rN+: It protects you from negative
   energy.
   Will+:     It increases your willpower.
   SH+5:      It affects your SH (+5).
Wands
 l - a wand of paralysis (20)
 y - a wand of flame (25)
Scrolls
 b - a scroll of butterflies
 i - a scroll of blinking
 s - a scroll of vulnerability
 t - 5 scrolls of teleportation
 z - a scroll of identify
 B - a scroll of amnesia
Potions
 f - a potion of invisibility
 g - 2 potions of might
 j - 2 potions of attraction
 k - a potion of curing
 m - 2 potions of resistance
 n - a potion of mutation {unknown}
 q - a potion of brilliance {unknown}
 r - a potion of degeneration {unknown}
 v - a potion of haste {unknown}
 w - a potion of cancellation {unknown}
 x - a potion of lignification {unknown}
 A - a potion of ambrosia {unknown}


   Skills:
 + Level 7.4 Fighting
 * Level 11.0 Ranged Weapons
 - Level 2.6 Dodging
 - Level 1.3 Stealth


You had 7 spell levels left.
You didn't know any spells.
Your spell library contained the following spells:

 Spells                   Type           Power      Damage    Failure   Level
 Summon Small Mammal      Summ           0%         N/A       52%         1
 Call Canine Familiar     Summ           0%         N/A       88%         3
 Ignite Poison            Fire/Tmut/Pois 0%         N/A       88%         3
 Summon Guardian Golem    Hex/Summ       0%         N/A       88%         3
 Cause Fear               Hex            0%         N/A       99%         4
 Sticky Flame             Conj/Fire      0%         2d3       99%         4
 Fireball                 Conj/Fire      0%         3d3       100%        5
 Ignition                 Fire           0%         3d3       100%        8
 Dragon's Call            Summ           0%         N/A       100%        9


Dungeon Overview and Level Annotations

Branches:
Dungeon (7/15)             Temple (0/1) D:5

Altars:
Gozag
Hepliaklqana
Okawaru
Trog
Zin
The Shining One

Shops:
D:4 ?

Annotations:
D:7 Dowan, Maggie


Innate Abilities, Weirdness & Mutations

Your life essence is reduced to manifest your ancestor. (-10% HP)
You have a pair of horns on your head.
You reflexively headbutt those who attack you in melee.


Message History

You block the wyvern's attack.
Maggie hits you with a +0 long sword of flaming.
Maggie burns you.
Beorhtric hits Maggie.
The wyvern bites you but does no damage.
Maggie hits you with a +0 long sword of flaming.
Maggie burns you.
Beorhtric hits Maggie.
Fire: p) +0 arbalest
Press: ? - help, Shift-Dir - straight line, f/p - Maggie
Aim: Maggie, wielding a +0 long sword of flaming and wearing +0 steam dragon scales (heavily wounded, mesmerising, ally target, 63% to hit)
You shoot a bolt. The bolt hits Maggie!
Maggie is severely wounded.
The wyvern misses you. You furiously retaliate!
You headbutt the wyvern! Maggie barely misses you. You furiously retaliate!
You headbutt Maggie!
Dowan casts a spell.
Dowan blinks!
Beorhtric misses Maggie.
The wyvern hisses menacingly.
The wyvern bites you!!
You feel much better.
The wyvern hisses menacingly.
The wyvern bites you but does no damage.
Maggie hits you with a +0 long sword of flaming!
Maggie burns you.
Beorhtric barely misses Maggie.
Fire: p) +0 arbalest
Press: ? - help, Shift-Dir - straight line, f/p - Maggie
Aim: Maggie, wielding a +0 long sword of flaming and wearing +0 steam dragon scales (almost dead, mesmerising, ally target, 63% to hit)
You shoot a bolt. The bolt closely misses Maggie.
The wyvern bites you but does no damage.
Maggie casts a spell at you. The bolt of fire hits you!!
* * * LOW HITPOINT WARNING * * *
Dowan closely misses you. The wyvern barely misses you.
You furiously retaliate!
You headbutt the wyvern.
Beorhtric hits Maggie.
Blink to where?
Press: ? - help, Dir - move target, p - Maggie
Okay, then.
You feel better. The wyvern misses you.
Maggie hits you with a +0 long sword of flaming!
* * * LOW HITPOINT WARNING * * *
Maggie burns you.
You die...

......>.# ##.# .#
....†.<.# #>.# .# ...
........# #.##
##.##... ####.#### #.#
##.....# #.#
##.###..#.# #.#
#.........##
#.#####..#.........).
##.#...........###....
#.........####@l..$...
#........####.e@......
.........#...).R......
......................
.............####.....
......#...............
..........#...##. ....
........#####... ....
........# ##.#


You could see the friendly Beorhtric the ancestor, Maggie (mesmerising, ally
target), a wyvern and Dowan.

Vanquished Creatures
  A steam dragon (D:6)
  A water moccasin (D:6)
  A black bear (D:6)
  An ogre (D:5)
  A centaur (D:5)
  A phantom (D:6)
  A bullfrog (D:7)
  4 scorpions
  3 killer bees (D:6)
  2 orc priests (D:6)
  A gnoll bouda (D:5)
  2 hounds
  A jelly (D:4)
  4 iguanas (D:5)
  An orc wizard (D:5)
  6 gnolls
  5 adders
  A worm (D:4)
  2 dart slugs (D:1)
  11 orcs
  8 endoplasms
  3 hobgoblins
  8 jackals
  5 kobolds
  7 quokkas
  8 ball pythons
  2 bats
  7 frilled lizards
  9 goblins
  8 rats
115 creatures vanquished.

Vanquished Creatures (collateral kills)
  A black bear (D:6)
  A hound (D:6)
  An orc priest (D:6)
  3 orcs (D:6)
6 creatures vanquished.

Vanquished Creatures (others)
  2 ancestors
2 creatures vanquished.

Grand Total: 123 creatures vanquished

Notes
Turn   | Place    | Note
-------+----------+-------------------------------------------
     0 | D:1      | Persephone the Minotaur Hunter began the quest for the Orb.
     0 | D:1      | Reached XP level 1. HP: 18/18 MP: 0/0
   148 | D:1      | Reached skill level 1 in Stealth
   185 | D:1      | Reached XP level 2. HP: 25/25 MP: 1/1
   400 | D:1      | Upgraded the game from 0.31-a0-859-g9dce7d3444 to
                  | 0.31-a0-925-g0a390f2509
   429 | D:1      | Reached XP level 3. HP: 27/30 MP: 2/2
   664 | D:2      | Reached skill level 5 in Ranged Weapons
  1252 | D:3      | Reached XP level 4. HP: 37/37 MP: 3/3
  1541 | D:3      | Reached skill level 6 in Ranged Weapons
  1768 | D:3      | Found a glowing golden altar of the Shining One.
  1770 | D:3      | Found a hazy altar of Hepliaklqana.
  1770 | D:3      | Found a bloodstained altar of Trog.
  1816 | D:3      | Became a worshipper of Hepliaklqana the Forgotten
  2033 | D:4      | Found Toeschox's Magic Scroll Boutique.
  2038 | D:4      | Reached XP level 5. HP: 44/44 MP: 4/4
  2428 | D:4      | Found a glowing silver altar of Zin.
  2428 | D:4      | Found an opulent altar of Gozag.
  2752 | D:5      | Entered Level 5 of the Dungeon
  2762 | D:5      | Reached skill level 7 in Ranged Weapons
  2772 | D:5      | Reached XP level 6. HP: 36/51 MP: 5/5
  2916 | D:5      | Reached * piety under Hepliaklqana
  3031 | D:5      | Found a staircase to the Ecumenical Temple.
  3069 | D:5      | Reached skill level 8 in Ranged Weapons
  3230 | D:5      | Reached XP level 7. HP: 45/54 MP: 6/6
  3364 | D:5      | Reached skill level 5 in Fighting
  3602 | D:6      | Reached skill level 9 in Ranged Weapons
  3928 | D:6      | Reached XP level 8. HP: 63/63 MP: 7/7
  3994 | D:6      | Reached skill level 10 in Ranged Weapons
  4023 | D:6      | Found an iron altar of Okawaru.
  4510 | D:6      | Identified a scroll of acquirement
  4510 | D:6      | Acquired the amulet "Gucy" {Reflect rPois rC+ rN+ Will+
                  | SH+5}
  4605 | D:7      | Noticed Maggie
  4612 | D:7      | Reached skill level 11 in Ranged Weapons
  4612 | D:7      | Noticed Dowan
  4617 | D:7      | HP: 3/65 [Maggie/+0 long sword of flaming (11)]
  4617 | D:7      | Slain by Maggie

Illustrated notes

Levels and vault maps discovered:
D:1:      wander_arrival_lonely_grave, layout_basic
D:2:      layout_loops_cross
D:3:      layout_loops_ring, chequers_temple_overflow_statue_of_worship,
          kennysheep_another_room
D:4:      wander_river, layout_rooms, grunt_temple_overflow_gold_and_silver,
          serial_shops, shop, kennysheep_boxes
D:5:      layout_loops_ring, minmay_temple_entry_junction
D:6:      layout_loops_ring, okawaru_metal_pillars_1_2
D:7:      layout_rooms, mainiacjoe_overflow_chevrons,
          hellmonk_guarded_unrand_gong, uniq_duvessa, uniq_pikel, uniq_joseph,
          uniq_maggie

Skill      XL: |  1  2  3  4  5  6  7  8 |
---------------+-------------------------+-----
Stealth        | 1 |  1.3
Ranged Weapons | 5 6 7 8 9 11 | 11.0
Fighting       | 3 4 6 7 |  7.4
Dodging        | |  2.6

Action                     |  1- 3 |  4- 6 |  7- 9 || total
---------------------------+-------+-------+-------++-------
  Melee: Arbalest          |       |       |     3 ||     3
   Fire: Shortbow          |   120 |    82 |       ||   202
         Arbalest          |       |    55 |    95 ||   150
    Use: Scroll            |       |    10 |     7 ||    17
         Potion            |       |       |     2 ||     2
 Armour: Leather armour    |    14 |    39 |    54 ||   107
  Dodge: Dodged            |    25 |    44 |    19 ||    88
  Block: Other             |       |       |     2 ||     2

Table legend: (Time is in decaauts)
 A = Elapsed time spent in this place.
 B = Non-inter-level travel time spent in this place.
 C = Inter-level travel time spent in this place.
 D = Time resting spent in this place.
 E = Time spent auto-exploring this place.
 F = Levels seen in this place.
 G = Mean time per level.
                   A        B        C        D        E       F      G
               +--------+--------+--------+--------+--------+-----+--------+
         Total |   4761 |   4585 |    176 |      0 |   3691 |   7 |  680.1 |
       Dungeon |   4761 |   4585 |    176 |      0 |   3691 |   7 |  680.1 |
               +--------+--------+--------+--------+--------+-----+--------+

Top non-repeatable levels by time:
     D:5: 1114 daAuts
     D:3: 939 daAuts
     D:4: 764 daAuts
     D:6: 753 daAuts
     D:1: 573 daAuts
     D:2: 549 daAuts
     D:7: 66 daAuts
